AoeStats
← MsWalkrOfSky

Marketplace

504566634Analyzed
1v1 RM · 28d ago on Sep 5, 2026· 29m 46s· 2 players
Game mode
Random Map
Map size
Tiny (2 player)
Population
200
Speed
Normal
Resources
Standard
Victory
Conquest
Starting age
Dark Age
Ending age
Imperial Age
RankedLock teamsTeams togetherTeam positionsShared explorationLock speedFull tech treeHidden civsTurbo modeCheats
Victory
Defeat
🇧🇷 Franks · Brazil
815
+18
🇺🇸 Spanish · United States
868
-18
PNLN Xavante
10:14 Feudal Age
10:40 Double-Bit Axe
11:32 Loom
20:28 Castle Age
19:36 Scale Barding Armor
20:10 Gold Mining
20:13 Stone Mining
21:22 Bow Saw
25:26 Town Watch
26:32 Husbandry
28:22 Forging
29:35 Fervor
30:55 Gold Shaft Mining
MsWalkrOfSky
10:43 Feudal Age
16:47 Castle Age
Connection lost

Rejoining the realm…

Still unreachable

The connection could not be restored.

Session expired

The server has moved on; the page needs a fresh start.